 Dungeon Crawl Stone Soup version 0.31-a0-232-gb1c03b2570 (webtiles) character file.

Game seed: 11118650320093997475

1807 qw the Skirmisher (level 8, -11/70 HPs)
             Began as a Minotaur Hexslinger on July 6, 2023.
             Was a Follower of Okawaru.
             Killed from afar by an electric eel (12 damage)
             ... with a bolt of electricity
             ... on level 6 of the Dungeon.
             The game lasted 00:02:07 (5477 turns).

qw the Skirmisher (Minotaur Hexslinger)             Turns: 5477, Time: 00:02:07

Health: -11/70     AC: 11    Str: 13    XL:     8   Next: 84%
Magic:  8/10       EV: 14    Int: 10    God:    Okawaru [*.....]
Gold:   388        SH:  0    Dex: 15    Spells: 8/9 levels left

rFire   . . .        Y - +0 longbow (flame)
rCold   + . .        (shield currently unavailable)
rNeg    . . .        b - +0 ring mail
rPois   .            (helmet restricted)
rElec   .            (no cloak)
rCorr   .            c - +0 pair of gloves
SInv    .            g - +2 pair of boots
Will    .....        (no amulet)
Stlth   ++           f - ring of protection from cold
HPRegen 0.31/turn    (no ring)
MPRegen 0.12/turn

%: no passive effects
@: heroic
A: horns 2, retaliatory headbutt
a: Renounce Religion, Heroism


You were on level 6 of the Dungeon.
You worshipped Okawaru.
Okawaru was aware of your devotion.
You visited 2 branches of the dungeon, and saw 7 of its levels.

You collected 388 gold pieces.


Innate Abilities, Weirdness & Mutations

You have a pair of horns on your head.
You reflexively headbutt those who attack you in melee.


   Skills:
 - Level 6.0(11.0) Fighting
 - Level 10.0(15.0) Ranged Weapons
 + Level 2.0(7.0) Armour
 - Level 3.1(8.1) Dodging
 - Level 1.0 Spellcasting
 - Level 2.0 Hexes
 - Level 4.0 Invocations


You had 8 spell levels left.
You knew the following spells:

 Your Spells              Type           Power      Damage    Failure   Level
a - Slow                  Hex            16%        N/A       28%         1

Your spell library contained the following spells:

 Spells                   Type           Power      Damage    Failure   Level
 Inner Flame              Hex/Fire       2%         N/A       78%         3
 Portal Projectile        Hex/Tloc       4%         N/A       78%         3
 Cause Fear               Hex            2%         N/A       96%         4

Inventory:

Hand Weapons
 Y - a +0 longbow of flaming (weapon)
Armour
 b - a +0 ring mail (worn)
 c - a +0 pair of gloves (worn)
 g - a +2 pair of boots (worn)
Jewellery
 f - a ring of protection from cold (left hand)
Scrolls
 h - a scroll of identify
Potions
 a - a potion of curing {unknown}
 d - a potion of degeneration {unknown}
 e - a potion of enlightenment {unknown}
 k - a potion of mutation {unknown}
 l - a potion of haste

Dungeon Overview and Level Annotations

Branches:
Dungeon (6/15)             Temple (1/1) D:4

Altars:
Ashenzari
Cheibriados
Dithmenos
Elyvilon
Hepliaklqana
Kikubaaqudgha
Makhleb
Okawaru
Ru
Sif Muna
Trog
Uskayaw
Wu Jian
Xom
Yredelemnul
Zin
The Shining One


Message History

The bolt of electricity hits the plant!
The bolt of electricity hits you.
An electric eel comes into view.
The electric eel shoots out a bolt of lightning at you!
The bolt of electricity hits you!
The adder hisses angrily.
You shoot an arrow. The arrow hits the kobold!
The arrow burns the kobold.
You kill the kobold!
Okawaru accepts your kill.
A nearby plant withers and dies.
The electric eel shoots out a bolt of lightning at you!
The bolt of electricity hits the adder!
The bolt of electricity hits you.
The electric eel shoots out a bolt of lightning at you!
The bolt of electricity hits the electric eel.
The electric eel completely resists.
The bolt of electricity hits you.
The electric eel shoots out a bolt of lightning at you!
The bolt of electricity hits you.
You shoot an arrow. The arrow barely misses the adder.
The electric eel shoots out a bolt of lightning at you!
The bolt of electricity hits the adder!
The adder dies!
The bolt of electricity hits you!
The electric eel shoots out a bolt of lightning at you!
The bolt of electricity hits the electric eel.
The electric eel completely resists.
The bolt of electricity misses you.
You shoot an arrow. The arrow hits the electric eel.
The arrow burns the electric eel.
You kill the electric eel!
Okawaru accepts your kill.
The electric eel shoots out a bolt of lightning at you!
The bolt of electricity hits you.
The electric eel shoots out a bolt of lightning at you!
The bolt of electricity hits you!
Your base Ranged Weapons skill increases to level 10!
You shoot an arrow.
The arrow hits the jelly but does no damage.
The electric eel shoots out a bolt of lightning at you!
The bolt of electricity hits you.
The electric eel shoots out a bolt of lightning at you!
The bolt of electricity hits you!
You die...

+.............+
.......#.............#
.......#.............#
.......#.............#
...J...#........##...#
...K...##.......####+#
#..)..##...77777
##........777
.......@%77
....$...7%~~~S~
..........~..~~
##.............
#.............
#...777~~%...~. #..7
~~~~~~~7P #.~ ~S~~P~~~


You could see a jelly, 2 electric eels and a kobold.

Vanquished Creatures
  Sigmund (D:3)
  An ice beast (D:5)
  2 ogres
  A phantom (D:5)
  A bullfrog (D:6)
  A gnoll sergeant (D:5)
  6 scorpions
  An electric eel (D:6)
  3 jellies (D:5)
  5 hounds
  5 iguanas (D:5)
  Ijyb (D:5)
  5 orc wizards
  4 gnolls (D:5)
  6 adders
  2 white imps (D:5)
  3 ufetubi (D:5)
  4 worms
  3 dart slugs
  25 orcs
  12 ball pythons
  6 bats
  9 endoplasms
  4 giant cockroaches
  10 goblins
  6 hobgoblins
  2 jackals
  11 kobolds
  6 quokkas
  3 frilled lizards
  4 rats (D:3)
153 creatures vanquished.

Vanquished Creatures (others)
  An adder (D:6)
1 creature vanquished.

Grand Total: 154 creatures vanquished

Notes
Turn   | Place    | Note
-------+----------+-------------------------------------------
     0 | D:1      | qw the Minotaur Hexslinger began the quest for the Orb.
     0 | D:1      | Reached XP level 1. HP: 16/16 MP: 1/1
     0 | D:1      | 0 ||| qw: Version: 0.3-a-46-gb1f654a
     0 | D:1      | 0 ||| qw: Game counter: 2089
     0 | D:1      | 0 ||| qw: Melee chars always use a shield: true
     0 | D:1      | 0 ||| qw: God list: Okawaru
     0 | D:1      | 0 ||| qw: Allow faded altars: false
     0 | D:1      | 0 ||| qw: Do Orc after clearing Dungeon:15 true
     0 | D:1      | 0 ||| qw: Do second Lair branch before Depths: true
     0 | D:1      | 0 ||| qw: Lair rune preference: random
     0 | D:1      | 0 ||| qw: Goals: Normal
     0 | D:1      | 0 ||| PLANNING D:1-11
   155 | D:1      | Reached skill level 3 in Ranged Weapons
   155 | D:1      | Reached XP level 2. HP: 16/23 MP: 2/2
   713 | D:1      | 713 ||| UPGRADING to +0 leather armour.
   723 | D:1      | 723 ||| DROPPING +0 robe.
   724 | D:1      | 724 ||| READING scroll labelled ESADOETRARO.
   725 | D:1      | 725 ||| READING scroll labelled DOARGH NUMOK.
   726 | D:1      | 726 ||| READING scroll labelled JAASIFYFFUET.
   727 | D:1      | 727 ||| READING 2 scrolls labelled LEIZUH CATHISTE.
   730 | D:1      | 730 ||| READING scroll labelled BITIAL ZOTH.
   731 | D:1      | 731 ||| READING scroll labelled ENEPUW LOADGHAPH.
   732 | D:1      | 732 ||| DROPPING scroll of poison.
  1135 | D:2      | Reached XP level 3. HP: 29/29 MP: 3/3
  1241 | D:2      | Reached skill level 4 in Ranged Weapons
  1407 | D:2      | 1407 ||| UPGRADING to +0 ring mail.
  1417 | D:2      | 1417 ||| DROPPING +0 leather armour.
  1418 | D:2      | 1418 ||| READING scroll labelled GEREKKY PASAI.
  1419 | D:2      | 1419 ||| READING scroll labelled FUACRY DIXZA.
  1449 | D:3      | 1449 ||| STAIRDANCE
  1586 | D:3      | Reached skill level 1 in Armour
  1616 | D:3      | Reached XP level 4. HP: 36/36 MP: 4/4
  1757 | D:3      | Noticed Sigmund
  1769 | D:3      | HP: 9/36 [Sigmund/+0 scythe (6)]
  1770 | D:3      | 1770 ||| READING scroll of teleportation.
  1772 | D:3      | HP: 4/36 [Sigmund/+0 scythe (3)]
  1773 | D:3      | Killed Sigmund
  1774 | D:3      | Reached skill level 6 in Ranged Weapons
  1774 | D:3      | Reached XP level 5. HP: 5/41 MP: 5/5
  1914 | D:3      | 1914 ||| Stepping ~*~*~tactically~*~*~ (outnumbered).
  1917 | D:3      | 1917 ||| Stepping ~*~*~tactically~*~*~ (outnumbered).
  2135 | D:3      | Reached XP level 6. HP: 40/50 MP: 6/6
  2141 | D:3      | Reached skill level 3 in Fighting
  2151 | D:3      | HP: 7/51 [something/magic dart (7)]
  2157 | D:3      | HP: 2/51 [orc wizard/+0 dagger (2)]
  2195 | D:3      | 2195 ||| FLEEEEING.
  2196 | D:3      | 2196 ||| FLEEEEING.
  2197 | D:3      | 2197 ||| FLEEEEING.
  2198 | D:3      | 2198 ||| FLEEEEING.
  2199 | D:3      | 2199 ||| FLEEEEING.
  2200 | D:3      | 2200 ||| FLEEEEING.
  2201 | D:3      | 2201 ||| FLEEEEING.
  2205 | D:3      | 2205 ||| FLEEEEING.
  2206 | D:3      | 2206 ||| FLEEEEING.
  2207 | D:3      | 2207 ||| FLEEEEING.
  2208 | D:3      | 2208 ||| FLEEEEING.
  2209 | D:3      | 2209 ||| FLEEEEING.
  2212 | D:3      | 2212 ||| FLEEEEING.
  2215 | D:3      | 2215 ||| STAIRDANCE
  2329 | D:2      | 2329 ||| UPGRADING to ring of protection from cold.
  2330 | D:2      | 2330 ||| READING scroll labelled QATEHI ROIH.
  2331 | D:2      | 2331 ||| READING scroll labelled WOUZIASTOIT.
  2789 | D:4      | 2789 ||| FLEEEEING.
  2790 | D:4      | 2790 ||| FLEEEEING.
  2791 | D:4      | 2791 ||| FLEEEEING.
  2792 | D:4      | 2792 ||| FLEEEEING.
  2800 | D:4      | 2800 ||| STAIRDANCE
  3043 | D:4      | Reached skill level 7 in Ranged Weapons
  3091 | D:4      | Found a staircase to the Ecumenical Temple.
  3092 | D:4      | 3092 ||| PLANNING TEMPLE
  3093 | D:4      | 3093 ||| DROPPING ring of wizardry.
  3094 | D:4      | 3094 ||| READING scroll labelled QEQASE HUCSOTE.
  3106 | Temple   | Entered the Ecumenical Temple
  3181 | Temple   | 3181 ||| PLANNING OKAWARU WORSHIP
  3399 | Temple   | Became a worshipper of Warmaster Okawaru
  3400 | Temple   | 3400 ||| PLANNING D:1-11
  3629 | D:4      | Found a bloodstained altar of Trog.
  3858 | D:4      | Found a basalt altar of Yredelemnul.
  3858 | D:4      | Found a shimmering blue altar of Sif Muna.
  3887 | D:5      | Entered Level 5 of the Dungeon
  3887 | D:5      | Found a burning altar of Makhleb.
  3907 | D:5      | Reached XP level 7. HP: 54/59 MP: 7/7
  3992 | D:5      | Noticed Ijyb
  3992 | D:5      | Paralysed by Ijyb for 4 turns
  3999 | D:5      | Paralysed by Ijyb for 5 turns
  4011 | D:5      | Reached skill level 8 in Ranged Weapons
  4027 | D:5      | Killed Ijyb
  4405 | D:5      | Reached * piety under Okawaru
  4486 | D:5      | Reached skill level 1 in Invocations
  4492 | D:5      | 4492 ||| INVOKING Heroism.
  4692 | D:5      | 4692 ||| INVOKING Heroism.
  4702 | D:5      | Reached XP level 8. HP: 68/68 MP: 5/8
  4741 | D:5      | 4741 ||| INVOKING Heroism.
  4750 | D:5      | Reached skill level 9 in Ranged Weapons
  4753 | D:5      | Reached skill level 3 in Dodging
  4781 | D:5      | Reached skill level 3 in Invocations
  4851 | D:5      | 4851 ||| SWAPPING to +0 longbow.
  4857 | D:5      | 4857 ||| DROPPING +2 sling of flaming.
  4952 | D:5      | 4952 ||| INVOKING Heroism.
  4971 | D:5      | Reached skill level 6 in Fighting
  5284 | D:5      | 5284 ||| UPGRADING to +0 pair of gloves.
  5289 | D:5      | 5289 ||| UPGRADING to +2 pair of boots.
  5294 | D:5      | 5294 ||| READING scroll labelled ELORUA ATEOGH.
  5295 | D:5      | 5295 ||| READING scroll labelled JERUMU FIDAFUEN.
  5430 | D:6      | 5430 ||| READING scroll of brand weapon.
  5430 | D:6      | 5430 ||| BRANDING +0 longbow.
  5471 | D:6      | 5471 ||| INVOKING Heroism.
  5475 | D:6      | HP: 17/70 [electric eel/bolt of electricity (7)]
  5476 | D:6      | HP: 4/70 [electric eel/bolt of electricity (11)]
  5477 | D:6      | Reached skill level 10 in Ranged Weapons
  5477 | D:6      | HP: 1/70 [electric eel/bolt of electricity (3)]
  5477 | D:6      | Killed from afar by an electric eel

Levels and vault maps discovered:
D:1:      heliophobic_arrival_henge, layout_basic
D:2:      layout_loops_cross, minmay_misc_feat_enclosed
D:3:      minmay_skewed_foursquare, layout_loops_ring, uniq_sigmund
D:4:      layout_basic, gammafunk_temple_overflow_elements, trog_book,
          temple_statues, minmay_manual_monolith
D:5:      minmay_thinvault, layout_rooms, mainiacjoe_overflow_small_starburst,
          kennysheep_generic_room_12, uniq_ijyb
D:6:      layout_gridville, gammafunk_temple_overflow_forgotten, serial_bayou,
          serial_bayou_crossing, serial_bayou_shore_b, serial_bayou_lake_a,
          serial_bayou_ford_a, hangedman_abyss_or_decor_stabs
Temple:   oiseaux_autumnal_temple

Skill      XL: |  1  2  3  4  5  6  7  8 |
---------------+-------------------------+-----
Ranged Weapons | 3 4 6 7 8 10 | 10.0
Fighting       | 2 4 5 6 |  6.0
Armour         | 1 2 |  2.0
Invocations    | 2 4 |  4.0
Dodging        | 3 |  3.1
Spellcasting   | |  1.0
Hexes          | |  2.0

Action                     |  1- 3 |  4- 6 |  7- 9 || total
---------------------------+-------+-------+-------++-------
   Fire: Sling             |   111 |   190 |   136 ||   437
         Longbow           |       |       |    48 ||    48
 Invoke: Heroism           |       |       |     5 ||     5
    Use: Scroll            |     8 |     4 |     3 ||    15
 Armour: Robe              |     2 |       |       ||     2
         Leather armour    |     9 |       |       ||     9
         Ring mail         |     6 |    33 |    48 ||    87
  Dodge: Dodged            |    29 |    57 |    82 ||   168

Table legend:
 A = Non-vault XP
 B = Vault XP
 C = Vault XP percentage of total XP
 D = Non-vault monster count
 E = Vault monster count
 F = Vault count percentage of total count
                 A         B        C        D         E       F
            +---------+---------+-------+---------+---------+-------
      Total |    1477 |    1105 |  42.8 |     121 |      32 |  20.9
            +---------+---------+-------+---------+---------+-------
        D:1 |      20 |       0 |   0.0 |      12 |       0 |   0.0
        D:2 |      48 |       0 |   0.0 |      19 |       0 |   0.0
        D:3 |     144 |     240 |  62.5 |      32 |       7 |  17.9
        D:4 |     238 |      16 |   6.3 |      29 |       2 |   6.5
        D:5 |     616 |     849 |  58.0 |      18 |      23 |  56.1
        D:6 |     411 |       0 |   0.0 |      11 |       0 |   0.0
            +---------+---------+-------+---------+---------+-------
